 Dungeon Crawl Stone Soup version 0.31.0-32-g396128a36d (webtiles) character file.

Game seed: 15612537675771502855

106755 Wiggles the Executioner (level 15, -1/144 HPs)
             Began as a Minotaur Berserker on Mar 13, 2024.
             Was the Champion of Trog.
             Slain by a large abomination (21 damage)
             ... on level 5 of the Abyss.
             The game lasted 00:34:55 (19034 turns).

Wiggles the Executioner (Minotaur Berserker)       Turns: 19034, Time: 00:34:55

Health: -1/144     AC: 46    Str: 41    XL:     15   Next: 61%
Magic:  14/14      EV: 14    Int:  4    God:    Trog [******]
Gold:   1744       SH:  0    Dex: 10    Spells: 14/14 levels left

rFire   . . .        w - +2 executioner's axe (flame)
rCold   . . .        (shield currently unavailable)
rNeg    . . .        J - +10 crystal plate armour "Muath" {^Drain Str+6 SInv}
rPois   .            A - +2 hat {Will+}
rElec   .            P - +2 cloak {rCorr}
rCorr   +            D - +2 pair of gloves
SInv    +            z - +2 pair of boots
Will    ++...        e - amulet of faith Stlth
                     O - +6 ring of strength
HPRegen 0.44/turn    m - +5 ring of evasion
MPRegen 0.14/turn

%: faith
@: on berserk cooldown
A: horns 2, retaliatory headbutt, inability to drink after injury 1
}: 1/15 runes: abyssal
a: Renounce Religion, Berserk, Trog's Hand, Brothers in Arms


You were on level 5 of the Abyss.
You worshipped Trog.
Trog was exalted by your worship.
You visited 3 branches of the dungeon, and saw 21 of its levels.
You visited the Abyss 1 time.
You also visited: Sewer.

You collected 1744 gold pieces.

Inventory:

Hand Weapons
 w - a +2 executioner's axe of flaming (weapon)
Armour
 z - a +2 pair of boots (worn)
 A - a +2 hat of willpower (worn)
 D - a +2 pair of gloves (worn)
 J - the +10 crystal plate armour "Muath" (worn) {^Drain Str+6 SInv}
   (You acquired it on level 11 of the Dungeon)

   Str+6:     It affects your strength (+6).
   SInv:      It lets you see invisible.
   ^Drain:    It drains your maximum health when unequipped.
 P - a +2 cloak of preservation (worn)
Jewellery
 e - an amulet of faith (around neck)
 m - a +5 ring of evasion (right hand)
 t - a ring of flight
 B - a ring of poison resistance
 O - a +6 ring of strength (left hand)
Wands
 l - a wand of polymorph (15)
 o - a wand of digging (7)
 s - a wand of mindburst (11)
 u - a wand of flame (22)
 y - a wand of paralysis (10)
 I - a wand of iceblast (26)
 M - a wand of light (10)
Scrolls
 a - a scroll of revelation
 c - 7 scrolls of teleportation
 f - 2 scrolls of fog
 h - 15 scrolls of identify
 i - a scroll of vulnerability
 v - a scroll of silence
 F - 2 scrolls of poison
 G - a scroll of blinking
 K - 2 scrolls of fear
Potions
 b - 2 potions of curing
 d - 3 potions of lignification
 g - 4 potions of enlightenment
 j - 3 potions of berserk rage
 k - a potion of resistance
 n - 2 potions of magic
 p - a potion of ambrosia
 q - 5 potions of might
 x - 3 potions of mutation
 C - 3 potions of haste
 H - 2 potions of invisibility
 N - a potion of cancellation


   Skills:
 + Level 16.2 Fighting
 + Level 24.2 Axes
 + Level 15.0 Armour
 + Level 5.7 Dodging
 + Level 2.5 Stealth
 + Level 0.1 Evocations


You had 14 spell levels left.
You didn't know any spells.
Your spell library was empty.

Dungeon Overview and Level Annotations

Branches:
Dungeon (15/15)            Temple (0/1) D:5            Lair (5/5) D:10
  Swamp (0/4) Lair:2       Spider (0/4) Lair:3        Slime (0/5) Lair:5
    Orc (1/2) D:11         Vaults (0/5) D:13          Sewer (visited)
 Depths: D:15

Altars:
Elyvilon
Trog
Uskayaw
Vehumet
Zin
The Shining One
Jiyva

Shops:
D:5 *   D:6 [   D:14 [


Innate Abilities, Weirdness & Mutations

You have a pair of horns on your head.
You reflexively headbutt those who attack you in melee.
You occasionally lose the ability to drink potions when taking damage.


Message History

Trog accepts your kill.
You slice the raiju!! You burn the raiju.
You kill the raiju!
Trog accepts your kill.
You barely miss the large abomination.
You headbutt the large abomination, but do no damage.
The large abomination closely misses you.
The large abomination hits you!!
* * * LOW HITPOINT WARNING * * *
You barely miss the large abomination.
You headbutt the large abomination, but do no damage.
You slice the raiju!! You burn the raiju.
The raiju bites you but does no damage.
The large abomination closely misses you.
Blink to where?
Press: ? - help, Dir - move target
As you read the scroll of blinking, it crumbles to dust.
The raiju bursts into living lightning!
The living lightning hits you but does no damage.
The raiju blinks! x2
Okay, then.
You slash the raiju! You burn the raiju.
You kill the raiju!
Trog accepts your kill.
You feel yourself speed up. The raiju attacks as it pursues you!
The raiju barely misses you.
You hit the raiju. You burn the raiju. You headbutt the raiju!
The raiju is moderately wounded.
The raiju bites you but does no damage.
You barely miss the raiju. Your headbutt misses the raiju.
The raiju is moderately wounded.
The raiju bursts into living lightning!
The living lightning hits you.
* * * LOW HITPOINT WARNING * * *
The raiju blinks!
You slash the raiju! You burn the raiju! Your headbutt misses the raiju.
The raiju is almost dead.
You slice the large abomination!! You burn the large abomination.
The large abomination hits you!!
You die...

##########
#...§X@h.##
#.........#
##..##.##..##
#...#...#...#
#...........#
##..#.....#..#
#...#.....#...#
#......_......#
##....#.#....##


You could see a large abomination and a raiju.

Vanquished Creatures
  A lich (Abyss:5)
  Gastronok (D:9)
  An acid blob (Abyss:5)
  2 tentacled starspawn (Abyss:5)
  Kirke (D:13)
  A fire dragon (Lair:5)
  A yaktaur captain (D:13)
  A catoblepas (D:13)
  A centaur warrior (D:13)
  4 hydras
  3 boulder beetles
  4 death yaks (Lair:5)
  2 two-headed ogres
  A tengu warrior (D:14)
  A thrashing horror (Abyss:5)
  4 occultists (D:14)
  A hell hog (Lair:5)
  2 wretched stars (Abyss:5)
  A sun demon (D:9)
  2 skysharks
  7 skeletal warriors
  A large abomination (Abyss:5)
  2 spriggan druids (Lair:2)
  A swamp dragon (Lair:5)
  A lindwurm (shapeshifter) (D:15)
  Pikel (D:7)
  An orc knight (D:14)
  2 arcanists (D:14)
  3 deep elf pyromancers
  A lindwurm (Lair:5)
  The ghost of Rpamer15 the Shooter, a novice HuHu of Ashenzari (D:5)
  9 ugly things
  5 cyclopes
  Maurice (D:9)
  A meliai (shapeshifter) (D:14)
  16 elephants
  13 starcursed masses (Abyss:5)
  4 black mambas
  10 cane toads
  2 torpor snails
  A gargoyle (D:11)
  6 rime drakes
  An unseen horror (D:12)
  An ice devil (D:9)
  7 komodo dragons
  2 yaktaurs (D:13)
  A kobold demonologist (D:11)
  2 tengu conjurers (D:14)
  Psyche (D:8)
  A troll (D:10)
  A hellwing (Abyss:5)
  15 polar bears
  2 hornets
  3 raiju
  23 blink frogs
  9 dream sheep (Lair:5)
  3 culicivoras (Lair:3)
  Sigmund (D:6)
  5 slime creatures (D:14)
  2 shadows
  A spriggan (Lair:4)
  7 wyverns
  A vampire (D:12)
  45 yaks
  8 wraiths
  Eustachio (D:6)
  4 hogs (D:13)
  3 neqoxecs
  4 wargs (Lair:5)
  7 basilisks
  A redback (Lair:3)
  9 vampire mosquitoes
  Grum (D:10)
  5 steam dragons
  A chaos spawn (Abyss:5)
  2 acid dragons
  14 water moccasins
  16 hell hounds (Lair:5)
  Duvessa (D:5)
  A swamp drake (Lair:5)
  2 ice beasts
  3 orc warriors (D:14)
  15 black bears
  An ogre (D:7)
  5 centaurs
  A small abomination (Abyss:5)
  25 wolves
  3 phantoms
  5 kobold brigands
  13 bullfrogs
  A gnoll sergeant (D:6)
  A scorpion (D:6)
  3 wights (D:8)
  Dowan (D:5)
  A troll zombie (D:11)
  5 killer bees
  4 howler monkeys
  An electric eel (Lair:2)
  2 quasits (D:9)
  3 jellies
  A bombardier beetle (D:5)
  3 hounds
  An orc priest (D:8)
  A gnoll bouda (D:5)
  A sleepcap (D:4)
  8 iguanas
  10 orc wizards
  Terence (D:3)
  7 ogre zombies (D:11)
  9 gnolls
  5 adders
  2 river rats (Sewer)
  A shadow imp (D:6)
  7 white imps
  2 ufetubi (D:6)
  3 ribbon worms
  2 dart slugs (D:1)
  29 orcs
  4 giant cockroaches
  3 gnoll zombies (D:11)
  2 goblins
  12 hobgoblins
  9 jackals
  31 kobolds
  4 ball pythons
  7 bats
  2 frilled lizards (D:1)
  4 gnoll skeletons (D:11)
  4 orc skeletons (D:11)
  14 orc zombies (D:11)
  8 rats
  A starspawn tentacle (Abyss:5)
629 creatures vanquished.

Vanquished Creatures (others)
  3 starspawn tentacles (Abyss:5)
3 creatures vanquished.

Grand Total: 632 creatures vanquished

Notes
Turn   | Place    | Note
-------+----------+-------------------------------------------
     0 | D:1      | Wiggles the Minotaur Berserker began the quest for the Orb.
     0 | D:1      | Reached XP level 1. HP: 19/19 MP: 0/0
   122 | D:1      | Reached skill level 4 in Axes
   219 | D:1      | Reached XP level 2. HP: 24/27 MP: 1/1
   978 | D:2      | Reached ** piety under Trog
   981 | D:2      | Reached XP level 3. HP: 26/33 MP: 2/2
  1243 | D:2      | Found a faded altar of an unknown god.
  1793 | D:3      | Found a glowing drain.
  1797 | D:3      | Noticed Terence
  1806 | D:3      | Killed Terence
  1807 | D:3      | Reached skill level 1 in Stealth
  1807 | D:3      | Reached XP level 4. HP: 41/41 MP: 3/3
  1829 | Sewer    | Entered a sewer
  1976 | Sewer    | Noticed a kobold brigand
  1984 | Sewer    | Reached skill level 5 in Axes
  1989 | Sewer    | Killed a kobold brigand
  1990 | Sewer    | Reached XP level 5. HP: 47/47 MP: 4/4
  2017 | Sewer    | Found a white marble altar of Elyvilon.
  2592 | D:4      | Reached *** piety under Trog
  2741 | D:4      | Reached XP level 6. HP: 53/53 MP: 5/5
  3080 | D:5      | Entered Level 5 of the Dungeon
  3092 | D:5      | Reached skill level 6 in Axes
  3125 | D:5      | Found a staircase to the Ecumenical Temple.
  3173 | D:5      | Noticed a water moccasin
  3182 | D:5      | Killed a water moccasin
  3183 | D:5      | Reached skill level 5 in Fighting
  3183 | D:5      | Reached XP level 7. HP: 61/61 MP: 6/6
  3370 | D:5      | Found a runed translucent door.
  3394 | D:5      | Reached skill level 7 in Axes
  3403 | D:5      | Noticed Rpamer15's ghost (novice HuHu)
  3428 | D:5      | Killed Rpamer15's ghost
  3429 | D:5      | Reached skill level 8 in Axes
  3429 | D:5      | Reached skill level 5 in Armour
  3429 | D:5      | Reached XP level 8. HP: 6/70 MP: 7/7
  3649 | D:5      | Found Weomumof's Overcharged Wands.
  3659 | D:5      | Identified the +1 flail of True Grit {heavy, rC+ Str+2}
  3672 | D:5      | Noticed Duvessa
  3672 | D:5      | Noticed Dowan
  3682 | D:5      | Killed Dowan
  3688 | D:5      | Killed Duvessa
  4090 | D:5      | Reached skill level 9 in Axes
  4304 | D:6      | Noticed Eustachio
  4335 | D:6      | Killed Eustachio
  4435 | D:6      | Reached skill level 10 in Axes
  4473 | D:6      | Reached **** piety under Trog
  4605 | D:6      | Found Mupaorghe's Antique Armour Emporium.
  4611 | D:6      | Noticed Sigmund
  4617 | D:6      | Killed Sigmund
  4618 | D:6      | Reached XP level 9. HP: 78/78 MP: 8/8
  5360 | D:7      | Found a glowing golden altar of the Shining One.
  5360 | D:7      | Found a white marble altar of Elyvilon.
  5360 | D:7      | Found a glowing silver altar of Zin.
  5368 | D:7      | Identified the +10 whip "Orb Guardian's Doom" {freeze,
                  | Will- rCorr SInv}
  5568 | D:7      | Noticed Pikel
  5582 | D:7      | Killed Pikel
  5583 | D:7      | Reached skill level 11 in Axes
  5753 | D:7      | Found a hide-covered altar of Uskayaw.
  5753 | D:7      | Found a bloodstained altar of Trog.
  5974 | D:8      | Noticed Psyche
  5987 | D:8      | Killed Psyche
  5988 | D:8      | Reached XP level 10. HP: 31/88 MP: 9/9
  6190 | D:8      | Reached skill level 12 in Axes
  6248 | D:8      | Reached skill level 5 in Dodging
  6526 | D:8      | Reached skill level 10 in Armour
  6884 | D:9      | Noticed a sun demon
  6896 | D:9      | Killed a sun demon
  6897 | D:9      | Reached skill level 13 in Axes
  7048 | D:9      | Noticed Gastronok
  7069 | D:9      | Killed Gastronok
  7154 | D:9      | Gained mutation: You occasionally lose the ability to drink
                  | potions when taking damage. [a neqoxec]
  7162 | D:9      | Reached skill level 14 in Axes
  7170 | D:9      | Reached XP level 11. HP: 52/97 MP: 8/10
  7171 | D:9      | Reached ***** piety under Trog
  7495 | D:9      | Noticed Maurice
  7519 | D:9      | Something stole an amulet of the acrobat
  7534 | D:9      | Killed Maurice
  7587 | D:9      | Noticed a deep elf pyromancer
  7594 | D:9      | Killed a deep elf pyromancer
  7799 | D:9      | Found a radiant altar of Vehumet.
  8062 | D:10     | Entered Level 10 of the Dungeon
  8063 | D:10     | Found a staircase to the Lair.
  8313 | D:10     | Noticed a two-headed ogre
  8317 | D:10     | Killed a two-headed ogre
  8318 | D:10     | Reached skill level 15 in Axes
  8432 | D:10     | Reached skill level 10 in Fighting
  8883 | D:10     | Noticed Grum
  8892 | D:10     | Killed Grum
  8893 | D:10     | Reached skill level 16 in Axes
  9198 | D:11     | Identified a scroll of acquirement
  9198 | D:11     | Acquired the +10 crystal plate armour "Muath" {^Drain Str+6
                  | SInv}
  9404 | D:11     | Found a staircase to the Orcish Mines.
  9582 | D:11     | Noticed a soul eater
  9583 | D:11     | Reached ****** piety under Trog
  9776 | D:11     | Noticed a boulder beetle
  9786 | D:11     | Killed a boulder beetle
  9787 | D:11     | Reached XP level 12. HP: 108/108 MP: 11/11
 10188 | Orc:1    | Entered Level 1 of the Orcish Mines
 10268 | D:12     | Reached skill level 17 in Axes
 10419 | D:12     | Received a gift from Trog
 10987 | Lair:1   | Entered Level 1 of the Lair of Beasts
 11071 | Lair:1   | Reached skill level 18 in Axes
 11930 | Lair:2   | Reached XP level 13. HP: 113/119 MP: 12/12
 12636 | Lair:2   | Reached skill level 19 in Axes
 12636 | Lair:2   | Received a gift from Trog
 12644 | Lair:2   | Found a staircase to the Swamp.
 13101 | Lair:3   | You fall into a shaft and drop 2 floors!
 13101 | Lair:5   | Entered Level 5 of the Lair of Beasts
 13770 | Lair:3   | Found a hole to the Spider Nest.
 13929 | Lair:4   | Reached skill level 20 in Axes
 14255 | Lair:4   | Received a gift from Trog
 14857 | Lair:5   | Reached skill level 21 in Axes
 14857 | Lair:5   | Reached XP level 14. HP: 122/130 MP: 13/13
 14890 | Lair:5   | Identified the +2 scale mail of Insecurity {rPois Int+3}
 15091 | Lair:5   | Found a staircase to the Slime Pits.
 15091 | Lair:5   | Found a viscous altar of Jiyva.
 15291 | Lair:5   | Received a gift from Trog
 15484 | Lair:5   | Identified the +5 dagger of Tyasup {flame, *Rage +Blink
                  | Dex+5}
 15594 | Lair:5   | Reached skill level 22 in Axes
 16132 | Lair:5   | Received a gift from Trog
 16167 | Lair:5   | Reached skill level 15 in Fighting
 16754 | D:13     | Noticed Kirke
 16766 | D:13     | Killed Kirke
 16816 | D:13     | Found a gate to the Vaults.
 17495 | D:13     | Reached skill level 23 in Axes
 17730 | D:14     | Reached XP level 15. HP: 129/141 MP: 14/14
 17827 | D:14     | Found Efeten's Antique Armour Emporium.
 18384 | D:14     | Received a gift from Trog
 18617 | D:15     | Entered Level 15 of the Dungeon
 18704 | Abyss:2  | Cast into level 2 of the Abyss (an occultist)
 18717 | Abyss:2  | Found a corrupted altar of Lugonu.
 18838 | Abyss:5  | Found a corrupted altar of Lugonu.
 18841 | Abyss:5  | Noticed a tentacled starspawn
 18842 | Abyss:5  | Noticed a tentacled starspawn
 18847 | Abyss:5  | Paralysed by accursed screaming for 1 turns
 18850 | Abyss:5  | Killed a tentacled starspawn
 18852 | Abyss:5  | Killed a tentacled starspawn
 18853 | Abyss:5  | Paralysed by accursed screaming for 1 turns
 18864 | Abyss:5  | Reached skill level 15 in Armour
 18872 | Abyss:5  | Found a corrupted altar of Lugonu.
 18873 | Abyss:5  | Got an abyssal rune of Zot
 18978 | Abyss:5  | Noticed a lich
 18990 | Abyss:5  | Killed a lich
 18991 | Abyss:5  | Reached skill level 24 in Axes
 18994 | Abyss:5  | Noticed an acid blob
 19006 | Abyss:5  | Killed an acid blob
 19034 | Abyss:5  | Slain by a large abomination

Illustrated notes

Levels and vault maps discovered:
D:1:      ebering_hopf_link, layout_loops_ring, nicolae_eternal_life
D:2:      layout_basic, ebering_ecumenical_altar_rust
D:3:      layout_basic, cheibrodos_sewer_entry_drain, grunt_ministairs_10,
          uniq_terence
D:4:      layout_basic, nrook_loot_triangle, grunt_tough_drop
D:5:      layout_loops_ring, minmay_temple_entry_ruins, gammafunk_ghost_grave,
          minmay_gold_behind_fungi, nicolae_shop_overcharged_wands, uniq_duvessa
D:6:      layout_rooms, serial_shops, nicolae_shop_advertising_works
          [nicolae_subvault_shop_adworks], nicolae_figureground_pulse,
          uniq_eustachio, uniq_sigmund
D:7:      layout_loops_ring, good_gods_mini_temple,
          gammafunk_temple_overflow_elements, chequers_serial_rivers_small_3,
          uniq_pikel
D:8:      layout_loops_cross, uniq_psyche
D:9:      layout_rooms, nicolae_vehumet_altar_sigil, serial_demonic,
          serial_demonic_d, serial_demonic_c, serial_demonic_c,
          serial_demonic_g, serial_demonic_b, patterned_corridor, uniq_maurice,
          uniq_gastronok
D:10:     layout_loops_ring, david_lair_generic, enter_bailey_2,
          chequers_serial_rivers_micro_b, nicolae_letterblocks
          [nicolae_letter_subblock, nicolae_letter_subblock,
          nicolae_letter_subblock, nicolae_letter_subblock,
          nicolae_letter_subblock, nicolae_letter_subblock,
          nicolae_letter_subblock, nicolae_letter_subblock,
          nicolae_letter_subblock, nicolae_letter_subblock,
          nicolae_letter_subblock, nicolae_letter_subblock,
          nicolae_letter_subblock, nicolae_letter_subblock,
          nicolae_letter_subblock, nicolae_letter_subblock,
          nicolae_letter_subblock, nicolae_letter_subblock,
          nicolae_letter_subblock, nicolae_letter_subblock,
          nicolae_letter_subblock, nicolae_letter_subblock,
          nicolae_letter_subblock, nicolae_letter_subblock,
          nicolae_letter_subblock], uniq_grum
D:11:     layout_cave_pods, zombieorc2_lemuel
D:12:     layout_roguey
D:13:     layout_roguey, david_vaults_2, uniq_kirke
D:14:     minmay_wizard_corner, layout_loops_cross, minmay_misc_feat_x,
          serial_shops, nicolae_shop_stone
D:15:     grunt_enter_depths_giant_problem, layout_loops_ring,
          minmay_strange_pillars, ashenzari_conservatory_becter, uniq_rupert
Lair:1:   layout_roguey
Lair:2:   layout_gridlike, mainiacjoe_swamp_entry_angry_trees, minmay_holes,
          grunt_megastairs_4
Lair:3:   layout_loops_ring, spider_nest_entry_funnel_web
Lair:4:   layout_regular_city, minivault_19, grunt_forest_stairs_clearing,
          infiniplex_staircase_pool_2
Lair:5:   hangedman_lair_caniforms_friends, layout_loops_ring,
          guppyfry_lair_end_dragon, slime_entry_1, st_stairs_9,
          nzn_sisyphean_effort, lemuel_fruit_fields, infiniplex_staircase_pool
Orc:1:    layout_diamond_mine, basic_altar
Abyss:5:  base: D:13, nicolae_abyss_rune_star_stuff, evilmike_abyss_exit_vortex,
          hangedman_abyss_overflow_altar

Skill      XL: |  1  2  3  4  5  6  7  8  9 10 11 12 13 14 15 |
---------------+----------------------------------------------+-----
Axes           | 4 5 6 8 10 11 14 16 18 21 23 24 | 24.2
Fighting       | 4 5 6 7 9 10 12 13 15 16 | 16.2
Stealth        | 1 2 |  2.5
Dodging        | 3 4 5 |  5.7
Armour         | 3 4 5 7 9 10 11 12 13 14 15 | 15.0
Evocations     | |  0.1

Action                     |  1- 3 |  4- 6 |  7- 9 | 10-12 | 13-15 || total
---------------------------+-------+-------+-------+-------+-------++-------
  Melee: Hand axe          |    83 |   109 |   177 |    39 |       ||   408
         Headbutt          |    12 |    25 |    26 |    89 |   136 ||   288
         Punch             |       |     3 |     1 |       |       ||     4
         Battleaxe         |       |       |       |   288 |       ||   288
         Executioner's axe |       |       |       |    99 |   625 ||   724
 Invoke: Berserk           |     1 |     3 |     7 |     4 |     2 ||    17
  Evoke: Wand              |       |       |       |       |     1 ||     1
    Use: Scroll            |       |       |    18 |    12 |     8 ||    38
         Potion            |       |       |       |       |    10 ||    10
   Stab: Sleeping          |     4 |       |       |       |       ||     4
 Armour: Animal skin       |    27 |       |       |       |       ||    27
         Leather armour    |    17 |       |       |       |       ||    17
         Ring mail         |     1 |       |       |       |       ||     1
         Scale mail        |       |    63 |    44 |       |       ||   107
         Chain mail        |       |       |    54 |   173 |       ||   227
         Crystal plate arm |       |       |       |   143 |   584 ||   727
  Dodge: Dodged            |    64 |    71 |   127 |   312 |   463 ||  1037
